 Dungeon Crawl Stone Soup version 0.23.2-1-ga50397a (webtiles) character file.

Game seed: 15333125490781304879

53 Burke the Insei (level 3, -1/23 HPs)
             Began as an Octopode Transmuter on June 2, 2019.
             Killed from afar by an orc wizard (8 damage)
             ... with a magic dart
             ... on level 3 of the Dungeon.
             The game lasted 00:02:08 (2342 turns).

Burke the Insei (Octopode Transmuter)               Turns: 2342, Time: 00:02:08

Health: -1/23      AC:  1    Str:  9    XL:     3   Next: 89%
Magic:  6/6        EV: 13    Int: 15    God:
Gold:   64         SH:  0    Dex: 13    Spells: 0/6 levels left

rFire    . . .     SeeInvis .     - Unarmed
rCold    . . .     Gourm    .   (no shield)
rNeg     . . .     Faith    .   (helmet restricted)
rPois    .         Spirit   .   (no amulet)
rElec    .         Reflect  .   (no ring)
rCorr    .         Harm     .   (no ring)
MR       .....                  (no ring)
Stlth    ++........             (no ring)
HPRegen  0.07/turn              (no ring)
MPRegen  0.10/turn              (no ring)
                                (no ring)
                                (no ring)

@: confused, hasted, very quick
A: almost no armour, stealthy swim, amphibious, 8 rings, constrict 8, camouflage
1, gelatinous body 1
a: no special abilities


You were on level 3 of the Dungeon.
You were not hungry.

You visited 1 branch of the dungeon, and saw 3 of its levels.

You collected 64 gold pieces.

Inventory:

Missiles
 a - 12 arrows
Scrolls
 b - 4 scrolls of remove curse {unknown}
 c - 2 scrolls of blinking {unknown}
 e - a scroll of identify {unknown}
 f - a scroll of fog {unknown}
 i - a scroll of enchant weapon {unknown}
 k - a scroll of immolation {unknown}
Potions
 d - a potion of heal wounds {unknown}
 g - a potion of haste
 h - a potion of mutation {unknown}
 m - a potion of might {unknown}
Comestibles
 j - 5 rations


   Skills:
 + Level 1.0 Fighting
 + Level 2.3 Dodging
 - Level 0.7 Stealth
 + Level 3.8 Unarmed Combat
 * Level 2.3 Spellcasting
 * Level 2.3 Transmutations
 * Level 0.4 Poison Magic


You couldn't memorise any spells.
You knew the following spells:

 Your Spells              Type           Power        Failure   Level  Hunger
a - Beastly Appendage     Tmut           #.....       9%          1    #......
b - Sticks to Snakes      Tmut           #.......     12%         2    ###....
c - Spider Form           Tmut/Pois      #.........   36%         3    ###....

Your spell library contained the following spells:

 Spells                   Type           Power        Failure   Level  Hunger
 Ice Form                 Ice/Tmut       #.......     78%         4    #####..
 Blade Hands              Tmut           #.........   92%         5    ######.


Dungeon Overview and Level Annotations

Branches:
Dungeon (3/15)

Altars:


Innate Abilities, Weirdness & Mutations

You cannot wear most types of armour.
You are very stealthy in the water. (Stealth+)
You are amphibious.
You can wear up to eight rings at the same time.
You can use your tentacles to constrict eight enemies at once.
Your skin changes colour to match your surroundings (Stealth+).
Your rubbery body absorbs attacks. (AC +1, EV +1)


Message History

You are too injured to fight recklessly!
Unknown command.
You tentacle-slap the orc wizard but do no damage.
You constrict the orc wizard.
The orc wizard hits you but does no damage.
You barely miss the orc wizard. You squeeze the orc wizard.
The orc wizard is heavily wounded.
You constrict the orc wizard.
The orc wizard gestures at you while chanting.
You are confused.
It was a potion of haste.
You feel yourself speed up.
You constrict the orc wizard. The orc wizard barely misses you.
You bump into the rock wall.
You constrict the orc wizard.
The orc wizard escapes!
You closely miss the orc wizard.
The orc wizard is severely wounded.
You bump into the rock wall.
The orc completely misses you.
The orc wizard gestures at you while chanting.
The magic dart hits you!
You die...

### # #.#
####.####
#.#
.....goo#
#.# #@#
#.####..#
#.#
###<.......
#.#
#.........#
#.#
#.#######.#
#.##.###.#
#........#
####.#####
#.# #.#


You could see an orc wizard, an orc and a goblin.

Vanquished Creatures
  An adder (D:2)
  2 dart slugs (D:1)
  2 orcs
  5 hobgoblins (D:1)
  4 jackals (D:1)
  A ball python (D:2)
  4 bats
  2 frilled lizards (D:1)
  6 goblins
  5 kobolds
  3 rats
35 creatures vanquished.

Notes
Turn   | Place    | Note
-------+----------+-------------------------------------------
     0 | D:1      | Burke the Octopode Transmuter began the quest for the Orb.
     0 | D:1      | Reached XP level 1. HP: 13/13 MP: 3/3
   107 | D:1      | Reached XP level 2. HP: 14/18 MP: 5/5
   274 | D:1      | Learned a level 2 spell: Sticks to Snakes
   906 | D:1      | Reached XP level 3. HP: 16/23 MP: 6/6
  1255 | D:1      | Learned a level 3 spell: Spider Form
  2342 | D:3      | Killed from afar by an orc wizard

Action                   || total
-------------------------++-------
Melee: Unarmed           ||    92
       Constrict         ||    30
       Tentacles         ||    16
       Punch             ||     4
 Cast: Beastly Appendage ||     1
  Use: Potion            ||     1
 Stab: Sleeping          ||     7
  Eat: Ration            ||     1
       Chunk             ||     1
Armor: Skin              ||     9
Dodge: Dodged            ||    55
